 Dungeon Crawl Stone Soup version 0.29-a0-925-g0a7a3d12f8 (webtiles) character file.

Game seed: 10090913783819530663

1388 kae the Destroyer (level 8, -14/41 HPs)
             Began as a Tengu Fire Elementalist on July 29, 2022.
             Engulfed by a cloud of flame (27 damage)
             ... on level 5 of the Dungeon.
             The game lasted 00:05:59 (7086 turns).

kae the Destroyer (Tengu Fire Elementalist)         Turns: 7086, Time: 00:06:00

Health: -14/41     AC:  2    Str:  9    XL:     8   Next: 68%
Magic:  5/15       EV: 15    Int: 17    God:
Gold:   386        SH:  0    Dex: 21    Spells: 3/16 levels left

rFire   . . .      SeeInvis .   k - +0 glaive
rCold   . . .      Faith    .   (shield currently unavailable)
rNeg    . . .      Spirit   .   a - +0 robe
rPois   .          Reflect  .   (helmet restricted)
rElec   .          Harm     .   (no cloak)
rCorr   .          Rampage  .   (no gloves)
Will    .....                   (boots unavailable)
Stlth   ++........              (no amulet)
HPRegen 0.13/turn               D - +6 ring of dexterity
MPRegen 0.14/turn               (no ring)

@: flying quickly and evasively, quick
A: beak, talons 3, nimble flight
a: no special abilities


You were on level 5 of the Dungeon.
You visited 1 branch of the dungeon, and saw 6 of its levels.

You collected 425 gold pieces.
You spent 39 gold pieces at shops.


Innate Abilities, Weirdness & Mutations

You have a beak for a mouth.
You have claws for feet.
Your magical nature lets you fly swiftly and evasively.


   Skills:
 - Level 2.1 Dodging
 - Level 2.0 Stealth
 + Level 4.5 Spellcasting
 * Level 8.7 Conjurations
 * Level 7.9 Fire Magic


You had 3 spell levels left.
You knew the following spells:

 Your Spells              Type           Power      Damage    Failure   Level
a - Foxfire               Conj/Fire      100%       2x1d9     1%          1
b - Scorch                Fire           60%        2d8       1%          2
c - Conjure Flame         Conj/Fire      32%        6-21      1%          3
d - Inner Flame           Hex/Fire       17%        N/A       9%          3
e - Flame Wave            Conj/Fire      32%        2d9       4%          4

Your spell library contained the following spells:

 Spells                   Type           Power      Damage    Failure   Level
 Magic Dart               Conj           100%       1d8       1%          1
 Searing Ray              Conj           66%        2d6       1%          2
 Dazzling Flash           Conj/Hex       36%        N/A       8%          3
 Necrotise                Necr           12%        1d4       16%         1
 Gell's Gravitas          Tloc           3%         N/A       41%         3
 Lesser Beckoning         Tloc           3%         N/A       41%         3
 Teleport Other           Tloc           3%         N/A       41%         3
 Vampiric Draining        Necr           3%         2d6       41%         3
 Fulminant Prism          Conj/Hex       9%         3d7       26%         4
 Anguish                  Hex/Necr       1%         N/A       83%         4
 Agony                    Necr           3%         N/A       99%         5
 Borgnjor's Vile Clutch   Necr/Erth      1%         N/A       99%         5
 Silence                  Hex/Air        1%         N/A       99%         5

Inventory:

Hand Weapons
 k - a +0 glaive (weapon)
   (You found it on level 3 of the Dungeon)
Missiles
 c - 61 stones
 m - 12 boomerangs
 p - 3 poisoned darts
 r - 3 javelins
Armour
 a - a +0 robe (worn)
Jewellery
 D - a +6 ring of dexterity (left hand)
   (You found it on level 4 of the Dungeon)
 L - a ring of flight
   (You found it on level 3 of the Dungeon)
 N - a ring of positive energy
   (You found it on level 4 of the Dungeon)
 Z - a ring of wizardry
   (You found it on level 6 of the Dungeon)
Scrolls
 e - a scroll of teleportation {@r4}
 h - 5 scrolls of identify {@r1}
 j - a scroll of summoning
 q - 2 scrolls of blinking {unknown}
 s - a scroll of poison {unknown}
Potions
 b - a potion of magic
 d - 3 potions of might {unknown}
 f - 5 potions of curing {unknown}
 g - a potion of invisibility
 i - a potion of cancellation {unknown}
 l - a potion of lignification {unknown}
 n - a potion of berserk rage {unknown}
 o - a potion of flight {unknown}
 t - a potion of ambrosia {unknown}

Dungeon Overview and Level Annotations

Branches:
Dungeon (6/15) Zot: 25164
 Temple: D:4-7

Altars:
Fedhas
Hepliaklqana
Nemelex Xobeh
Trog
Uskayaw
Wu Jian

Shops:
D:5 *

Annotations:
D:3 1 runed translucent door, Crazy Yiuf
D:5 Grinder

#.# *.#.#.###.##.###.###.######
#.###.#.#....<...# #..........#
#.##..#.#####....###.#.######.#
#.......# #.##.....#.# #.#
####.#..#####....#..##.######.#
#.#..................§...#.#
#...o..#####)...#.≈§≈§≈≈.#.#
#......####§###.#.≈§≈§≈≈....
#.......o°§@# #...≈≈>§≈≈.#.#
##.>...####.###...≈≈§.≈§...#
#.....# ##...#..≈≈§§≈≈.###
###.### ##.###.§§§§§≈..## #.#
#.# #....§...... #.# #.#
#...##.#.### #.# #.#
#.#.#....... #.# #.#
#.#......>.# #.#
#.###......#.##.


You could see an orc.


Message History

Confirm with . or Enter, or press ? or * to list all spells.
You conjure some foxfire!
The foxfire hits the ogre!
The ogre shouts!
The foxfire hits the ogre!
The foxfire hits the ogre. x2 😎 MP[-1]
You lost 1 mp, and now have 13/15 mp.
Casting: Foxfire (safe; 1% risk of failure)
Confirm with . or Enter, or press ? or * to list all spells.
You conjure some foxfire!
The foxfire hits the ogre. x2 😎 MP[-1]
You lost 1 mp, and now have 12/15 mp.
Casting: Foxfire (safe; 1% risk of failure)
Confirm with . or Enter, or press ? or * to list all spells.
You can't see any susceptible monsters within range! (Use Z to cast anyway.)
Casting: Foxfire (safe; 1% risk of failure)
Confirm with . or Enter, or press ? or * to list all spells.
You conjure some foxfire!
The foxfire hits the ogre.
You kill the ogre!
You start resting. 😎 MP[+3]
Your mp is fully restored (15).
Things that are here:
a +0 giant club; an ogre corpse Done exploring.
Done exploring.
Done exploring.
Done exploring.
Done exploring.
(D) Dungeon
Where to? (Enter - D:4 @ (x,y), ? - help)
There is a stone staircase leading up here.
You fly upwards.
Level annotation: Grinder
There is a stone staircase leading down here.
Things that are here:
a +0 robe; a +0 dagger Grinder is nearby!
Grinder is nearby!
Grinder is nearby!
You start waiting.
Done waiting.
There is a stone staircase leading down here.
q - 2 scrolls labelled TINOUH QYIVOI (gained 1)
You now have 386 gold pieces (gained 16).
t - a clear potion An orc warrior is nearby!
An orc warrior is nearby!
An orc warrior is nearby!
Casting: Foxfire (safe; 1% risk of failure)
Confirm with . or Enter, or press ? or * to list all spells.
You conjure some foxfire!
The orc warrior shouts!
The foxfire hits the orc warrior. 😎 MP[-1]
You lost 1 mp, and now have 14/15 mp.
Casting: Foxfire (safe; 1% risk of failure)
Confirm with . or Enter, or press ? or * to list all spells.
The fire begins to smoulder! 😎 MP[-3]
You lost 3 mp, and now have 11/15 mp.
The fire ignites!
Casting: Conjure Flame (safe; 1% risk of failure)
Confirm with . or Enter, or press ? or * to list all spells.
Aiming: Inner Flame (dangerous; 9% risk of failure)
Press: ? - help, Dir - move target, f - orc warrior
Aim: an orc warrior, wielding a +0 battleaxe and wearing a +0 chain mail (lightly wounded, chance to affect: 71%)
The orc warrior is filled with an inner flame. 😎 MP[-3]
You lost 3 mp, and now have 8/15 mp.
Casting: Inner Flame (dangerous; 9% risk of failure)
Confirm with . or Enter, or press ? or * to list all spells.
You can't see any susceptible monsters within range! (Use Z to cast anyway.)
Casting: Inner Flame (dangerous; 9% risk of failure)
Confirm with . or Enter, or press ? or * to list all spells.
You conjure some foxfire!
The foxfire hits the orc warrior but does no damage. x2
Casting: Foxfire (safe; 1% risk of failure)
Confirm with . or Enter, or press ? or * to list all spells.
You conjure some foxfire!
The foxfire hits the orc warrior but does no damage.
The foxfire hits the orc warrior.
Flame seeps out of the orc warrior.
The orc warrior is engulfed in blazing flames.
Flame seeps out of the orc warrior. 😎 MP[-1]
You lost 1 mp, and now have 7/15 mp.
Casting: Foxfire (safe; 1% risk of failure)
Confirm with . or Enter, or press ? or * to list all spells.
Flames lash the orc.
You kill the orc!
The orc warrior is engulfed in blazing flames.
The orc warrior explodes!
The fiery explosion engulfs you!!
Ouch! That really hurt!
* * * LOW HITPOINT WARNING * * *
You are engulfed in blazing flames.
Ouch! That really hurt!
You die...

Skill      XL: |  1  2  3  4  5  6  7  8 |
---------------+-------------------------+-----
Conjurations   | 2 3 4 5 7 8 |  8.7
Fire Magic     | 4 5 6 7 |  7.9
Spellcasting   | 3 4 |  4.5
Dodging        | |  2.1
Stealth        | |  2.0

Action                   |  1- 3 |  4- 6 |  7- 9 || total
-------------------------+-------+-------+-------++-------
Melee: Kick              |     3 |     2 |       ||     5
       Unarmed           |     3 |       |       ||     3
       Peck              |     1 |     1 |       ||     2
       Glaive            |       |     9 |       ||     9
 Cast: Foxfire           |    87 |    82 |    66 ||   235
       Scorch            |    13 |    20 |    17 ||    50
       Conjure Flame     |       |     3 |     6 ||     9
       Inner Flame       |       |       |     1 ||     1
  Use: Scroll            |       |     6 |       ||     6
Armor: Robe              |     2 |     4 |     5 ||    11
Dodge: Dodged            |    24 |    18 |    20 ||    62

Levels and vault maps discovered:
D:1:      ncdulo_lavacross, layout_loops_ring, serial_rivers,
          chequers_serial_rivers_micro_a, chequers_serial_rivers_micro_c,
          chequers_serial_rivers_micro_d, chequers_serial_rivers_room_a,
          dreamdust_ecumenical_altar_drowned_temple, chequers_big_river
D:2:      layout_rooms, minmay_tiny_reverse_x
D:3:      layout_rooms, jmf_multi_god_temple,
          mainiacjoe_overflow_small_starburst, minmay_misc_feat_cross,
          uniq_crazy_yiuf_cottage
D:4:      layout_cave_pools, trog_book, hangedman_decor_clover_reticule
D:5:      layout_loops_ring, nzn_wu_jian_council_hall, general_overflow_altar,
          serial_shops, shop_fountains, uniq_grinder
D:6:      layout_loops_ring

Notes
Turn   | Place    | Note
-------+----------+-------------------------------------------
     0 | D:1      | kae the Tengu Fire Elementalist began the quest for the
                  | Orb.
     0 | D:1      | Reached XP level 1. HP: 10/10 MP: 4/4
     0 | D:1      | magus.rc [v1.11.3]
   180 | D:1      | Found a faded altar of an unknown god.
   239 | D:1      | Reached skill level 2 in Conjurations
   239 | D:1      | Reached XP level 2. HP: 15/15 MP: 4/6
   242 | D:1      | Learned a level 2 spell: Scorch
  1093 | D:1      | Reached XP level 3. HP: 19/19 MP: 4/7
  1448 | D:2      | Learned a level 3 spell: Conjure Flame
  1617 | D:2      | Reached skill level 4 in Fire Magic
  2012 | D:2      | Reached skill level 3 in Conjurations
  2338 | D:3      | You pick up a book of Necromancy and begin reading...
  2338 | D:3      | You add the spells Necrotise, Vampiric Draining and Agony
                  | to your library.
  2401 | D:3      | Found a blossoming altar of Fedhas.
  2401 | D:3      | Found a hazy altar of Hepliaklqana.
  2445 | D:3      | You pick up a book of the Senses and begin reading...
  2445 | D:3      | You add the spells Dazzling Flash and Silence to your
                  | library.
  2474 | D:3      | Reached XP level 4. HP: 21/24 MP: 4/8
  2738 | D:3      | Found a hide-covered altar of Uskayaw.
  2895 | D:3      | Found a runed translucent door.
  2896 | D:3      | Noticed Crazy Yiuf
  2967 | D:4      | You pick up a book of Displacement and begin reading...
  2967 | D:4      | You add the spells Lesser Beckoning, Gell's Gravitas and
                  | Teleport Other to your library.
  3178 | D:4      | You add the spells Anguish and Borgnjor's Vile Clutch to
                  | your library.
  3178 | D:4      | Got the Grimoire of Calefaction and the Mortuary
  3288 | D:4      | Reached skill level 4 in Conjurations
  3288 | D:4      | Gained mutation: Your magical nature lets you fly swiftly
                  | and evasively. [Tengu growth]
  3288 | D:4      | Reached XP level 5. HP: 25/28 MP: 1/10
  3798 | D:4      | Found a bloodstained altar of Trog.
  3811 | D:5      | Entered Level 5 of the Dungeon
  4003 | D:5      | Reached skill level 5 in Fire Magic
  4009 | D:5      | HP: 5/28 [orc priest/+0 hand axe (8)]
  4012 | D:5      | Reached skill level 3 in Spellcasting
  4267 | D:5      | Reached skill level 5 in Conjurations
  4267 | D:5      | Reached XP level 6. HP: 29/32 MP: 2/11
  4449 | D:5      | Found Muvemo's General Store.
  4556 | D:5      | Bought a scroll of teleportation for 39 gold pieces
  4620 | D:5      | Found a sparkling altar of Nemelex Xobeh.
  4743 | D:5      | Noticed an orc warrior
  4951 | D:5      | Reached XP level 7. HP: 36/36 MP: 8/13
  5015 | D:5      | Found an ornate altar of the Wu Jian Council.
  5162 | D:5      | Noticed Grinder
  5176 | D:6      | Reached skill level 6 in Conjurations
  5181 | D:6      | Reached skill level 6 in Fire Magic
  5251 | D:6      | Learned a level 4 spell: Flame Wave
  5403 | D:6      | Reached skill level 7 in Conjurations
  5530 | D:6      | Reached XP level 8. HP: 24/41 MP: 5/14
  5593 | D:6      | Learned a level 3 spell: Inner Flame
  5677 | D:6      | Reached skill level 4 in Spellcasting
  5919 | D:6      | Reached skill level 7 in Fire Magic
  6102 | D:6      | Reached skill level 8 in Conjurations
  6699 | D:6      | You pick up a book of Conjurations and begin reading...
  6699 | D:6      | You add the spells Magic Dart, Searing Ray and Fulminant
                  | Prism to your library.
  7086 | D:5      | Engulfed by a cloud of flame

Vanquished Creatures
  2 ice beasts (D:6)
  An orc warrior (D:5)
  A black bear (D:6)
  An ogre (D:6)
  A phantom (D:6)
  A scorpion (D:5)
  4 wights (D:6)
  3 hounds
  3 orc priests
  A gnoll bouda (D:6)
  A jelly (D:6)
  4 iguanas
  3 orc wizards (D:5)
  3 gnolls (D:6)
  4 adders
  2 shadow imps
  3 worms (D:4)
  12 orcs
  11 ball pythons
  10 endoplasms
  5 giant cockroaches
  3 goblins
  7 hobgoblins
  4 jackals (D:4)
  5 kobolds
  4 quokkas
  5 bats
  5 frilled lizards
  6 rats
  A spectral kobold (D:1)
116 creatures vanquished.

Vanquished Creatures (collateral kills)
  A foxfire (D:1)
1 creature vanquished.

Vanquished Creatures (others)
  392 foxfires
  A plant (D:1)
393 creatures vanquished.

Grand Total: 510 creatures vanquished

Table legend:
 A = Non-vault XP
 B = Vault XP
 C = Vault XP percentage of total XP
 D = Non-vault monster count
 E = Vault monster count
 F = Vault count percentage of total count
                 A         B        C        D         E       F
            +---------+---------+-------+---------+---------+-------
      Total |    1978 |       6 |   0.3 |     111 |       5 |   4.3
            +---------+---------+-------+---------+---------+-------
        D:1 |      33 |       1 |   2.9 |      21 |       1 |   4.5
        D:2 |      26 |       2 |   7.1 |      15 |       2 |  11.8
        D:3 |      26 |       3 |  10.3 |      14 |       2 |  12.5
        D:4 |     135 |       0 |   0.0 |      21 |       0 |   0.0
        D:5 |     546 |       0 |   0.0 |      17 |       0 |   0.0
        D:6 |    1212 |       0 |   0.0 |      23 |       0 |   0.0
            +---------+---------+-------+---------+---------+-------

Illustrated notes

Table legend:
 A = Kills in this place as a percentage of kills in entire the game.
 B = Kills by you in this place as a percentage of kills by you in the entire game.
 C = Kills by friends in this place as a percentage of kills by friends in the entire game.
 D = Other kills in this place as a percentage of other kills in the entire game.
 E = Experience gained in this place as a percentage of experience gained in the entire game.
 F = Experience gained in this place divided by the number of levels of this place that you have seen.
                   A       B       C       D       E      F
               +-------+-------+-------+-------+-------+----------------------
         Total | 100.0 | 100.0 |   N/A |   N/A | 100.0 | 330.7
       Dungeon | 100.0 | 100.0 |   N/A |   N/A | 100.0 | 330.7
               +-------+-------+-------+-------+-------+----------------------

Table legend: (Time is in decaauts)
 A = Elapsed time spent in this place.
 B = Non-inter-level travel time spent in this place.
 C = Inter-level travel time spent in this place.
 D = Time resting spent in this place.
 E = Time spent auto-exploring this place.
 F = Levels seen in this place.
 G = Mean time per level.
                   A        B        C        D        E       F      G
               +--------+--------+--------+--------+--------+-----+--------+
         Total |   6951 |   6778 |    173 |   1411 |   4378 |   6 | 1158.5 |
       Dungeon |   6951 |   6778 |    173 |   1411 |   4378 |   6 | 1158.5 |
               +--------+--------+--------+--------+--------+-----+--------+

Top non-repeatable levels by time:
     D:6: 1631 daAuts
     D:5: 1351 daAuts
     D:1: 1347 daAuts
     D:4: 1004 daAuts
     D:2: 852 daAuts
     D:3: 764 daAuts
